 Dungeon Crawl Stone Soup version 0.24-a0-539-g6aae15e (webtiles) character file.

Game seed: 551354519388007667

16937 Charmandara the Fighter (level 12, 0/132 HPs)
             Began as an Ogre Summoner on Aug 18, 2019.
             Was the Champion of Okawaru.
             Succumbed to a black mamba's poison
             ... on level 3 of the Lair of Beasts.
             The game lasted 00:56:15 (16522 turns).

Charmandara the Fighter (Ogre Summoner)            Turns: 16522, Time: 00:56:16

Health: 0/132      AC:  3    Str: 24    XL:     12   Next: 42%
Magic:  0/19       EV: 18    Int: 25    God:    Okawaru [******]
Gold:   751        SH:  0    Dex: 16    Spells: 4/21 levels left

rFire    . . .     SeeInvis .   b - +7 giant club "Hydraslayer" {crush, +Fly MR+ Dex+2}
rCold    + . .     Gourm    +   (shield currently unavailable)
rNeg     . . .     Faith    .   o - +0 robe
rPois    .         Spirit   +   (helmet restricted)
rElec    .         Reflect  .   E - scarf {Spirit}
rCorr    .         Harm     .   (gloves unavailable)
MR       ++...     Clarity  +   (boots unavailable)
Stlth    +++.......             O - amulet of the gourmand {Gourm, !d}
HPRegen  0.32/turn              B - ring of the Sparrow {Wiz Str+4}
MPRegen  0.16/turn              M - ring of wizardry {Wiz+, !d}

@: mighty, brilliant, agile, lethally poisoned (0 -> -5)
A: large, unfitting armour, horns 1, clarity, cold resistance 1, sense
surroundings 1, tough skin 1
a: Heroism, Finesse, Renounce Religion, Evoke Flight


You were on level 3 of the Lair of Beasts.
You worshipped Okawaru.
Okawaru was exalted by your worship.
You were full.

You visited 3 branches of the dungeon, and saw 15 of its levels.

You collected 751 gold pieces.

Inventory:

Hand Weapons
 a - the +2 whip "Voarei" {venom, rF+ Str+3}
   (You found it on level 4 of the Dungeon)

   It poisons the flesh of those it strikes.
   It affects your strength (+3).
   It protects you from fire.
 b - the +7 giant club "Hydraslayer" (weapon) {crush, +Fly MR+ Dex+2}
   (Okawaru gifted it to you on level 2 of the Lair of Beasts)

   It inflicts extra damage upon your enemies.
   It affects your dexterity (+2).
   It affects your resistance to hostile enchantments.
   It lets you fly.
 f - a +5 morningstar
   (You took it off a wight on level 11 of the Dungeon)
 w - a +1 flail of holy wrath
   (You took it off an orc on level 5 of the Dungeon)
 I - a +0 giant spiked club
   (You took it off an ogre on level 9 of the Dungeon)
Missiles
 e - 7 curare-tipped darts (quivered)
 x - 35 poisoned darts
 C - 3 throwing nets {=f, !d}
Armour
 m - a +2 cloak
   (You took it off Crazy Yiuf on level 3 of the Dungeon)
 o - a +0 robe (worn)
 E - a scarf of spirit shield (worn)
   (You found it on level 8 of the Dungeon)
Magical Staves
 H - an uncursed staff of earth
   (You found it on level 9 of the Dungeon)
 L - an uncursed staff of cold {rC+}
   (You found it on level 10 of the Dungeon)
Jewellery
 h - an uncursed ring of flight {+Fly, !d}
   (You found it on level 2 of the Dungeon)
 l - an uncursed ring of stealth {Stlth+}
   (You found it on level 7 of the Dungeon)
 r - an uncursed ring of resist corrosion
   (You found it on level 3 of the Dungeon)
 y - an uncursed ring of protection from fire {rF+, !d}
   (You found it on level 8 of the Dungeon)
 B - the ring of the Sparrow (left hand) {Wiz Str+4}
   (You found it on level 5 of the Dungeon)

   [ring of wizardry]

   It improves your spell success rate.
   It affects your strength (+4).
 M - a ring of wizardry (right hand) {Wiz+, !d}
   (You found it on level 11 of the Dungeon)
 O - an amulet of the gourmand (around neck) {Gourm, !d}
   (You found it on level 2 of the Lair of Beasts)
Wands
 n - a wand of flame (15)
   (You took it off Crazy Yiuf on level 3 of the Dungeon)
 z - a wand of polymorph (5)
   (You found it on level 8 of the Dungeon)
 D - a wand of digging (8)
   (You found it on level 7 of the Dungeon)
 J - a wand of iceblast (8)
   (You found it on level 10 of the Dungeon)
Scrolls
 i - 7 scrolls of remove curse
 k - 3 scrolls of teleportation
 p - 6 scrolls of magic mapping {!r}
 K - 3 scrolls of amnesia
 N - 2 scrolls of enchant armour
Potions
 d - 2 potions of resistance
 g - 3 potions of flight
 q - 2 potions of cancellation
 s - 2 potions of might
 u - a potion of lignification {!q}
 A - a potion of mutation {!q}
Comestibles
 c - 26 rations


   Skills:
 + Level 12.2 Fighting
 * Level 10.7 Maces & Flails
 - Level 5.4 Dodging
 - Level 1.4 Stealth
 - Level 5.1 Spellcasting
 - Level 10.2 Summonings
 * Level 4.4 Invocations


You had 4 spell levels left.
You knew the following spells:

 Your Spells              Type           Power        Failure   Level  Hunger
a - Summon Small Mammal   Summ           ####         1%          1    None
b - Call Canine Familiar  Summ           ######..     1%          3    ##.....
c - Call Imp              Summ           ######..     1%          2    None
d - Summon Guardian Gole  Hex/Summ       #####...     1%          3    ##.....
e - Summon Ice Beast      Ice/Summ       #####...     1%          4    ####...
f - Summon Lightning Spi  Summ/Air       #####...     1%          4    ####...

Your spell library contained the following spells:

 Spells                   Type           Power        Failure   Level  Hunger


Dungeon Overview and Level Annotations

Branches:
Dungeon (11/15)            Temple (1/1) D:6            Lair (3/6) D:11
    Orc (0/2) D:9
  Swamp: Lair:2-4    Shoals: Lair:2-4     Snake: Lair:2-4    Spider: Lair:2-4

Altars:
Ashenzari
Cheibriados
Dithmenos
Elyvilon
Fedhas
Gozag
Hepliaklqana
Okawaru
Qazlal
Ru
Sif Muna
Trog
Uskayaw
Vehumet
Wu Jian
Xom
Yredelemnul
The Shining One

Shops:
D:5 }   D:9 :


Innate Abilities, Weirdness & Mutations

You are too large for most types of armour.
You have tough skin. (AC +1)
You have a pair of small horns on your head.
You possess an exceptional clarity of mind.
Your flesh is cold resistant. (rC+)
You passively map a small area around you.


Message History

* * * LOW HITPOINT WARNING * * *
You take 3 damage, and have 21/132 hp.
You now have 2/19 mp.
Okay, then.
A shadowy apparition takes form in the air.
The adder bites you but does no damage.
You now have 0/19 mp.
Unknown command.
Unknown command.
You closely miss the adder. Your headbutt misses the adder.
A spiny frog comes into view.
The adder bites you.
* * * LOW HITPOINT WARNING * * *
Your shadow imp hits the yak.
The spiny frog moves out of view.
You take 2 damage, and have 19/132 hp.
As you read the scroll of teleportation, it crumbles to dust.
You feel strangely unstable. The adder bites you.
* * * LOW HITPOINT WARNING * * *
The adder closely misses you.
A torpor snail comes into view.
Being near the torpor snail leaves you feeling lethargic.
You take 5 damage, and have 14/132 hp.
Unknown command.
Okay, then.
Okay, then.
Okay, then.
It was a potion of brilliance.
You feel clever all of a sudden. The adder bites you.
* * * LOW HITPOINT WARNING * * *
Your shadow imp hits the yak.
The adder closely misses you.
You take 2 damage, and have 12/132 hp.
Unknown command.
Okay, then.
Okay, then.
Unknown command.
Okay, then.
You feel agile all of a sudden.
Your surroundings suddenly seem different.
The black mamba hisses angrily.
A torpor snail comes into view.
A rime drake comes into view.
Found a ration.
Found a stone staircase leading up and a stone staircase leading down.
Unknown command.
Unknown command.
As you read the scroll of teleportation, it crumbles to dust.
You feel strangely unstable.
The bullfrog gives a loud, deep croak!
The black mamba barely misses you. x2
Unknown command.
Unknown command.
Okay, then.
Okay, then.
Okay, then.
Okay, then.
Okay, then.
Okay, then.
Okay, then.
Unknown command.
Okay, then.
Unknown command.
Okay, then.
You closely miss the black mamba. Your headbutt misses the black mamba.
The black mamba closely misses you. The black mamba barely misses you.
The black mamba bites you.
* * * LOW HITPOINT WARNING * * *
You are poisoned.
The black mamba poisons you!
You take 3 damage, and have 10/132 hp.
Unknown command.
Unknown command.
You feel better. The black mamba bites you.
* * * LOW HITPOINT WARNING * * *
You are poisoned.
The black mamba poisons you!
A basilisk comes into view.
The black mamba bites you!
* * * LOW HITPOINT WARNING * * *
The bullfrog closely misses you.
You take 7 damage, and have 3/132 hp.
Unknown command.
Unknown command.
Unknown command.
Okay, then.
Okay, then.
Your surroundings suddenly seem different.
* * * LOW HITPOINT WARNING * * *
You feel sick.
A yak comes into view. x2
You take 2 damage, and have 1/132 hp.
Unknown command.
Unknown command.
Okay, then.
Unknown command.
Okay, then.
Okay, then.
Okay, then.
A yak comes into view.
You feel yourself speed up.
You die...

, ........# *
, .......## ,
. ......P# ,
.P .Y....,* ,
... ....# *
Y..., ,...#
.....,,#..##
......##@..#
..........##
,
Y...........#
..........###
, ..........#
,
.........%.*
,
.###P####.##
, *, ## .#* ,
, , * ..


You could see a yak (wandering).

Vanquished Creatures
  The ghost of Hungaoh the Corrupter of Planes, a journeyman FoAK of Lugonu (Lair:2)
  Nergalle (D:11)
  A spectral hydra (Lair:2)
  2 black mambas (Lair:3)
  2 rime drakes (Lair:2)
  2 komodo dragons (Lair:2)
  A hippogriff (Lair:1)
  Eustachio (D:6)
  15 yaks
  A warg (D:11)
  Edmund (D:5)
  6 water moccasins
  4 porcupines
  2 ice beasts (D:8)
  A black bear (D:11)
  4 orc warriors
  A black mamba simulacrum (Lair:2)
  3 phantoms
  A wolf (Lair:3)
  A centaur (D:9)
  2 ogres
  5 crocodiles
  3 big kobolds
  10 bullfrogs
  A spiny frog simulacrum (Lair:2)
  A scorpion (D:4)
  2 howler monkeys (D:5)
  4 bullfrog zombies
  2 centaur zombies
  A quasit (D:9)
  3 crimson imps
  6 hounds
  7 orc priests
  2 jellies
  3 orc wizards
  2 iguanas
  6 worker ants
  A hound skeleton (D:8)
  A worker ant zombie (D:6)
  14 adders
  A shadow imp (D:9)
  An ooze (D:3)
  An adder zombie (D:5)
  An adder skeleton (D:9)
  A worm (D:4)
  5 leopard geckos
  26 orcs
  2 ball pythons
  3 giant cockroaches
  A goblin (D:1)
  3 hobgoblins
  4 jackals
  7 kobolds
  2 quokkas
  5 bats
  7 frilled lizards
  7 rats
204 creatures vanquished.

Vanquished Creatures (collateral kills)
  3 hydras
  Harold (D:7)
  An unseen horror (D:10)
  The ghost of luopjiggy the Cleaver, a novice MiFi (D:5)
  An ugly thing (D:11)
  2 spiny frogs (Lair:1)
  2 komodo dragons
  A hippogriff (Lair:1)
  2 dream sheep (D:8)
  Sigmund (D:2)
  9 yaks
  A hungry ghost (D:10)
  A basilisk (Lair:1)
  A spectral komodo dragon (Lair:2)
  2 wargs (D:11)
  3 water moccasins
  A porcupine (Lair:1)
  A sky beast (D:7)
  3 orc warriors
  A phantom (D:7)
  2 ice beasts
  4 ogres
  A centaur (D:6)
  A crocodile (Lair:1)
  2 big kobolds
  2 bullfrogs
  5 killer bees (D:11)
  5 wights (D:11)
  A howler monkey (D:4)
  2 crimson imps (D:11)
  A centaur zombie (D:5)
  A jelly (D:5)
  Crazy Yiuf (D:3)
  A bullfrog skeleton (D:7)
  2 orc priests
  2 centaur skeletons
  2 hounds
  9 orc wizards
  2 iguanas
  A hound zombie (D:11)
  11 adders
  An ooze (D:2)
  2 worms (D:2)
  19 orcs
  5 bats
  3 giant cockroaches
  4 goblins
  6 hobgoblins
  9 jackals
  2 kobolds (D:3)
  3 quokkas
  2 frilled lizards
  A jackal skeleton (D:5)
  2 rats
155 creatures vanquished.

Vanquished Creatures (others)
  A quokka (D:8)
  2 plants (Lair:3)
3 creatures vanquished.

Grand Total: 362 creatures vanquished

Notes
Turn   | Place    | Note
-------+----------+-------------------------------------------
     0 | D:1      | Charmandara the Ogre Summoner began the quest for the Orb.
     0 | D:1      | Reached XP level 1. HP: 16/16 MP: 3/3
   413 | D:1      | Reached XP level 2. HP: 8/24 MP: 1/5
   613 | D:1      | Learned a level 2 spell: Call Imp
   806 | D:1      | Reached skill level 3 in Spellcasting
  1116 | D:2      | Reached skill level 4 in Summonings
  1154 | D:2      | Reached XP level 3. HP: 24/32 MP: 3/7
  1176 | D:2      | HP: 7/32 [adder (2)]
  1198 | D:2      | HP: 7/32 [hobgoblin/+0 club (2)]
  1202 | D:2      | Reached skill level 1 in Maces & Flails
  1521 | D:2      | Reached skill level 1 in Fighting
  1530 | D:2      | Learned a level 3 spell: Call Canine Familiar
  1679 | D:2      | Reached XP level 4. HP: 37/41 MP: 1/8
  1844 | D:2      | Noticed Sigmund
  1936 | D:2      | Killed Sigmund
  1936 | D:2      | Reached skill level 2 in Fighting
  1936 | D:2      | Reached skill level 2 in Maces & Flails
  1936 | D:2      | Reached XP level 5. HP: 22/49 MP: 1/10
  2053 | D:2      | Learned a level 3 spell: Summon Guardian Golem
  2549 | D:3      | Found a runed translucent door.
  2550 | D:3      | Noticed Crazy Yiuf
  2578 | D:3      | Killed Crazy Yiuf
  3037 | D:3      | Reached XP level 6. HP: 51/59 MP: 7/11
  3238 | D:4      | Reached skill level 5 in Summonings
  3302 | D:4      | Found an opulent altar of Gozag.
  3303 | D:4      | Found a hazy altar of Hepliaklqana.
  3303 | D:4      | Noticed a phantom
  3313 | D:4      | Killed a phantom
  3313 | D:4      | Reached skill level 3 in Fighting
  3313 | D:4      | Reached skill level 4 in Spellcasting
  3359 | D:4      | Found a radiant altar of Vehumet.
  3361 | D:4      | Found a stormy altar of Qazlal.
  3406 | D:4      | Got a shimmering whip
  3407 | D:4      | Identified the +2 whip "Voarei" {venom, rF+ Str+3} (You
                  | found it on level 4 of the Dungeon)
  3413 | D:4      | Found a shimmering blue altar of Sif Muna.
  3418 | D:4      | Found a glowing golden altar of the Shining One.
  3505 | D:4      | Reached XP level 7. HP: 67/67 MP: 13/13
  3854 | D:4      | Reached skill level 3 in Maces & Flails
  3945 | D:5      | Entered Level 5 of the Dungeon
  3962 | D:5      | Noticed Edmund
  3965 | D:5      | Reached skill level 4 in Fighting
  3983 | D:5      | Killed Edmund
  3983 | D:5      | Reached skill level 6 in Summonings
  3998 | D:5      | HP: 17/71 [bullfrog zombie (3)]
  4004 | D:5      | HP: 17/71 [hound (1)]
  4004 | D:5      | Reached XP level 8. HP: 19/79 MP: 2/15
  4332 | D:5      | Reached skill level 5 in Spellcasting
  4408 | D:5      | Learned a level 4 spell: Summon Ice Beast
  4413 | D:5      | Learned a level 4 spell: Summon Lightning Spire
  4626 | D:5      | Got a transparent amber ring
  4678 | D:5      | Identified the ring of the Sparrow {Wiz Str+4} (You found
                  | it on level 5 of the Dungeon)
  4682 | D:5      | Found a snail-covered altar of Cheibriados.
  4706 | D:5      | Found Iwainori's Gadget Shoppe.
  4758 | D:5      | Found a runed translucent gate.
  4758 | D:5      | Found a runed translucent gate.
  4759 | D:5      | Noticed luopjiggy's ghost (novice MiFi)
  4847 | D:5      | Found a runed translucent gate.
  5068 | D:5      | Killed luopjiggy's ghost
  5068 | D:5      | Reached skill level 5 in Fighting
  5068 | D:5      | Reached skill level 4 in Maces & Flails
  5068 | D:5      | Reached skill level 7 in Summonings
  5344 | D:6      | Noticed Eustachio
  5505 | D:6      | Reached skill level 6 in Fighting
  5719 | D:6      | Reached XP level 9. HP: 77/89 MP: 11/16
  6056 | D:6      | Reached skill level 8 in Summonings
  6089 | D:6      | Found a shadowy altar of Dithmenos.
  6129 | D:6      | Found a staircase to the Ecumenical Temple.
  6142 | Temple   | Entered the Ecumenical Temple
  6205 | Temple   | Became a worshipper of Warmaster Okawaru
  6426 | D:6      | Reached skill level 5 in Maces & Flails
  6451 | D:6      | Killed Eustachio
  6574 | D:7      | Reached skill level 7 in Fighting
  6632 | D:7      | Reached * piety under Okawaru
  6931 | D:7      | Noticed Harold
  6945 | D:7      | Killed Harold
  6945 | D:7      | Reached ** piety under Okawaru
  7125 | D:7      | Reached skill level 9 in Summonings
  7722 | D:8      | Found a white marble altar of Elyvilon.
  7972 | D:8      | Reached skill level 8 in Fighting
  7979 | D:8      | Reached XP level 10. HP: 92/104 MP: 4/17
  7981 | D:8      | Reached skill level 6 in Maces & Flails
  7982 | D:8      | Reached *** piety under Okawaru
  7998 | D:8      | Noticed a three-headed hydra
  8008 | D:8      | Killed a three-headed hydra
  8009 | D:8      | Reached **** piety under Okawaru
  8135 | D:8      | Noticed a two-headed ogre
  8149 | D:8      | HP: 25/106 [two-headed ogre/+0 giant club (20)]
  8162 | D:8      | HP: 15/106 [orc priest/divine providence (13)]
  9442 | D:9      | Reached skill level 9 in Fighting
  9589 | D:9      | Reached skill level 10 in Summonings
  9595 | D:9      | Found a staircase to the Orcish Mines.
 10030 | D:9      | Found Seanuh's Book Shop.
 10212 | D:9      | Reached skill level 2 in Dodging
 10302 | D:10     | Entered Level 10 of the Dungeon
 10603 | D:10     | Reached skill level 7 in Maces & Flails
 10855 | D:10     | Reached ***** piety under Okawaru
 11231 | D:10     | Killed an unseen horror
 11267 | D:11     | Noticed a green ugly thing
 11275 | D:11     | Killed a green ugly thing
 11275 | D:11     | Reached skill level 10 in Fighting
 11275 | D:11     | Reached skill level 3 in Dodging
 11282 | D:11     | Gained mutation: You possess an exceptional clarity of
                  | mind. [potion of mutation]
 11282 | D:11     | Gained mutation: Your flesh is cold resistant. (rC+)
                  | [potion of mutation]
 11282 | D:11     | Gained mutation: You passively map a small area around you.
                  | [potion of mutation]
 11282 | D:11     | Gained mutation: You have a pair of small horns on your
                  | head. [potion of mutation]
 11292 | D:11     | Reached XP level 11. HP: 89/117 MP: 2/18
 11298 | D:11     | Received a gift from Okawaru
 11316 | D:10     | Reached skill level 8 in Maces & Flails
 11636 | D:10     | HP: 20/118 [orc warrior/boomerang (17)]
 11642 | D:10     | HP: 15/118 [orc warrior/boomerang (9)]
 12123 | D:11     | Noticed Nergalle
 12153 | D:11     | Killed Nergalle
 12383 | D:11     | Reached skill level 4 in Dodging
 12861 | D:11     | Found a staircase to the Lair.
 13185 | D:11     | Noticed a six-headed hydra
 13195 | D:11     | Killed a six-headed hydra
 13195 | D:11     | Reached skill level 9 in Maces & Flails
 13533 | Lair:1   | Entered Level 1 of the Lair of Beasts
 13807 | Lair:1   | Reached skill level 11 in Fighting
 14246 | Lair:2   | Received a gift from Okawaru
 14251 | Lair:2   | Got a smoking giant club {god gift}
 14272 | Lair:2   | Reached skill level 5 in Dodging
 14275 | Lair:2   | Reached ****** piety under Okawaru
 14551 | Lair:2   | Identified the +7 giant club "Hydraslayer" {crush, +Fly MR+
                  | Dex+2} (Okawaru gifted it to you on level 2 of the Lair of
                  | Beasts)
 15213 | Lair:2   | Reached skill level 10 in Maces & Flails
 15250 | Lair:2   | Reached XP level 12. HP: 71/130 MP: 9/19
 15461 | Lair:2   | Noticed a six-headed hydra
 15470 | Lair:2   | Killed a six-headed hydra
 15470 | Lair:2   | Reached skill level 1 in Invocations
 15683 | Lair:2   | Found a runed translucent gate.
 15683 | Lair:2   | Found a runed translucent gate.
 15683 | Lair:2   | Found a runed translucent gate.
 15848 | Lair:2   | Noticed Hungaoh's ghost (journeyman FoAK)
 15941 | Lair:2   | Killed Hungaoh's ghost
 15941 | Lair:2   | Reached skill level 2 in Invocations
 16113 | Lair:2   | Reached skill level 3 in Invocations
 16425 | Lair:3   | Reached skill level 12 in Fighting
 16447 | Lair:3   | Noticed a six-headed hydra
 16455 | Lair:3   | HP: 28/132 [six-headed hydra (12)]
 16495 | Lair:3   | Reached skill level 4 in Invocations
 16507 | Lair:3   | HP: 29/132 [black mamba (8)]
 16512 | Lair:3   | HP: 21/132 [adder (3)]
 16519 | Lair:3   | HP: 10/132 [black mamba (3)]
 16520 | Lair:3   | HP: 3/132 [black mamba (8)]
 16521 | Lair:3   | HP: 1/132 [poisoned by a black mamba]
 16522 | Lair:3   | Succumbed to a black mamba's poison

Levels and vault maps discovered:
D:1:      dpeg_arrival_round_b, layout_loops_corners
D:2:      layout_loops_ring, kennysheep_boxes, uniq_sigmund
D:3:      layout_rooms, minmay_fountain_box, uniq_crazy_yiuf_cottage
D:4:      kennysheep_six_static_rooms, layout_cave_pools,
          nicolae_overflow_hidden_temple,
          chequers_temple_overflow_statue_of_worship,
          corexii_item_surrounded_by_moat, minmay_quantized
D:5:      layout_basic, cheibriados_altar_1, serial_shops, nicolae_shop_trees,
          ebering_ghost_rock_garden, first_ration, uniq_edmund
D:6:      layout_loops_cross, grunt_dithmenos_smoke_and_mirrors,
          minmay_temple_entry_nine_rooms, st_stairs_9, uniq_eustachio
D:7:      layout_layer_cave, uniq_harold
D:8:      layout_cave_pods, elyvilon_altar_4, hangedman_ranch
          [blue_anna_fruit_fields], chequers_mini_garden
D:9:      layout_basic, david_orc_3, serial_shops, shop_coins
D:10:     layout_irregular_city
D:11:     layout_stronghold, erik_lair_orcish_takeover, grunt_ministairs_7,
          kennysheep_path_1, kennysheep_generic_room_6, uniq_nergalle
Temple:   nicolae_temple_figure_eight
Lair:1:   layout_roguey, lemuel_fruit_tree
Lair:2:   layout_hall_layers, gammafunk_ghost_necromancy,
          chequers_serial_rivers_micro_d
Lair:3:   minmay_guarded_unrand_snakebite, layout_chaotic_city,
          hangedman_lair_generics_rect

Skill      XL: |  1  2  3  4  5  6  7  8  9 10 11 12 |
---------------+-------------------------------------+-----
Spellcasting   | 3 4 5 |  5.1
Summonings     | 4 5 6 7 9 10 | 10.2
Maces & Flails | 1 2 3 4 5 7 10 | 10.7
Fighting       | 1 2 3 4 6 8 10 11 12 | 12.2
Dodging        | 3 5 |  5.4
Invocations    | 4 |  4.4
Stealth        | |  1.4

Action                   |  1- 3 |  4- 6 |  7- 9 | 10-12 || total
-------------------------+-------+-------+-------+-------++-------
Melee: Unarmed           |    33 |       |       |       ||    33
       Short sword       |    83 |    39 |       |       ||   122
       Quarterstaff      |       |    34 |       |       ||    34
       Whip              |       |    15 |   243 |   267 ||   525
       Flail             |       |       |     4 |    25 ||    29
       Great mace        |       |       |       |    52 ||    52
       Headbutt          |       |       |       |    50 ||    50
       Giant club        |       |       |       |    92 ||    92
 Fire: Hunting sling     |       |     6 |       |       ||     6
Throw: Dart              |       |       |     5 |     2 ||     7
 Cast: Summon Small Mamm |    14 |     2 |       |       ||    16
       Call Imp          |    16 |     8 |     7 |     2 ||    33
       Call Canine Famil |     3 |    15 |    13 |     8 ||    39
       Summon Guardian G |       |     4 |     5 |     1 ||    10
       Summon Lightning  |       |       |    15 |    31 ||    46
       Summon Ice Beast  |       |       |    18 |    52 ||    70
Invok: Heroism           |       |       |       |     3 ||     3
 Abil: Evoke Flight      |       |     1 |       |       ||     1
Evoke: Wand              |       |       |     4 |    18 ||    22
  Use: Potion            |     3 |     1 |       |    18 ||    22
       Scroll            |     3 |     5 |     3 |    10 ||    21
 Stab: Sleeping          |     1 |     1 |       |     4 ||     6
       Distracted        |       |       |     2 |     7 ||     9
  Eat: Chunk             |     4 |     8 |    15 |    51 ||    78
       Ration            |       |       |     1 |     4 ||     5
Armor: Robe              |    46 |    20 |    73 |    53 ||   192
       Skin              |       |    15 |       |     2 ||    17
Dodge: Dodged            |   108 |    64 |   122 |   227 ||   521

Table legend:
 A = Non-vault XP
 B = Vault XP
 C = Vault XP percentage of total XP
 D = Non-vault monster count
 E = Vault monster count
 F = Vault count percentage of total count
                 A         B        C        D         E       F
            +---------+---------+-------+---------+---------+-------
      Total |   16149 |    8047 |  33.3 |     299 |      60 |  16.7
            +---------+---------+-------+---------+---------+-------
        D:1 |      23 |       0 |   0.0 |      19 |       0 |   0.0
        D:2 |      93 |     110 |  54.2 |      40 |       1 |   2.4
        D:3 |      86 |      21 |  19.6 |      23 |       1 |   4.2
        D:4 |     266 |     186 |  41.2 |      10 |       8 |  44.4
        D:5 |     616 |     667 |  52.0 |      29 |       2 |   6.5
        D:6 |     743 |     236 |  24.1 |      24 |       2 |   7.7
        D:7 |     625 |     509 |  44.9 |      28 |       1 |   3.4
        D:8 |     631 |    1332 |  67.9 |      14 |       8 |  36.4
        D:9 |     926 |     249 |  21.2 |      21 |       9 |  30.0
       D:10 |    1742 |     162 |   8.5 |      18 |       4 |  18.2
       D:11 |    3025 |    1162 |  27.8 |      28 |       9 |  24.3
     Lair:1 |    1728 |       0 |   0.0 |      13 |       0 |   0.0
     Lair:2 |    4207 |    2046 |  32.7 |      22 |       5 |  18.5
     Lair:3 |    1438 |    1367 |  48.7 |      10 |      10 |  50.0
            +---------+---------+-------+---------+---------+-------

Levels and vault maps discovered:
D:1:      dpeg_arrival_round_b, layout_loops_corners
D:2:      layout_loops_ring, kennysheep_boxes, uniq_sigmund
D:3:      layout_rooms, minmay_fountain_box, uniq_crazy_yiuf_cottage
D:4:      kennysheep_six_static_rooms, layout_cave_pools,
          nicolae_overflow_hidden_temple,
          chequers_temple_overflow_statue_of_worship,
          corexii_item_surrounded_by_moat, minmay_quantized
D:5:      layout_basic, cheibriados_altar_1, serial_shops, nicolae_shop_trees,
          ebering_ghost_rock_garden, first_ration, uniq_edmund
D:6:      layout_loops_cross, grunt_dithmenos_smoke_and_mirrors,
          minmay_temple_entry_nine_rooms, st_stairs_9, uniq_eustachio
D:7:      layout_layer_cave, uniq_harold
D:8:      layout_cave_pods, elyvilon_altar_4, hangedman_ranch
          [blue_anna_fruit_fields], chequers_mini_garden
D:9:      layout_basic, david_orc_3, serial_shops, shop_coins
D:10:     layout_irregular_city
D:11:     layout_stronghold, erik_lair_orcish_takeover, grunt_ministairs_7,
          kennysheep_path_1, kennysheep_generic_room_6, uniq_nergalle
Temple:   nicolae_temple_figure_eight
Lair:1:   layout_roguey, lemuel_fruit_tree
Lair:2:   layout_hall_layers, gammafunk_ghost_necromancy,
          chequers_serial_rivers_micro_d
Lair:3:   minmay_guarded_unrand_snakebite, layout_chaotic_city,
          hangedman_lair_generics_rect

Table legend:
 A = Turns spent in this place as a percentage of turns spent in the entire game.
 B = Non-inter-level travel turns spent in this place as a percentage of non-inter-level travel turns spent in the entire game.
 C = Inter-level travel turns spent in this place as a percentage of turns spent in this place.
 D = Turns resting spent in this place as a percentage of non-inter-level travel turns spent in this place.
 E = Turns spent auto-exploring this place as a percentage of non-inter-level travel turns spent in this place.
 F = Non-inter-level travel turns spent in this place divided by the number of levels of this place that you've seen.
                   A       B       C       D       E      F
               +-------+-------+-------+-------+-------+----------------------
         Total | 100.0 | 100.0 |   4.6 |  34.8 |  40.8 | 1050.7
       Dungeon |  81.0 |  80.2 |   5.5 |  31.1 |  42.8 | 1149.5
        Temple |   0.9 |   0.9 |   6.1 |   0.0 |  92.0 | 138.0
          Lair |  18.1 |  18.9 |   0.3 |  51.9 |  29.5 | 993.0
               +-------+-------+-------+-------+-------+----------------------

Table legend:
 A = Kills in this place as a percentage of kills in entire the game.
 B = Kills by you in this place as a percentage of kills by you in the entire game.
 C = Kills by friends in this place as a percentage of kills by friends in the entire game.
 D = Other kills in this place as a percentage of other kills in the entire game.
 E = Experience gained in this place as a percentage of experience gained in the entire game.
 F = Experience gained in this place divided by the number of levels of this place that you have seen.
                   A       B       C       D       E      F
               +-------+-------+-------+-------+-------+----------------------
         Total | 100.0 | 100.0 | 100.0 |   N/A | 100.0 | 1613.1
       Dungeon |  83.3 |  78.9 |  89.0 |   N/A |  55.4 | 1219.1
          Lair |  16.7 |  21.1 |  11.0 |   N/A |  44.6 | 3595.3
               +-------+-------+-------+-------+-------+----------------------
